 Dungeon Crawl Stone Soup version 0.18.1-50-g88ac8fd (webtiles) character file.

5135 protopulse the Martial Artist (level 10, -20/79 HPs)
             Began as a Yellow Draconian Transmuter on Sept 17, 2016.
             Was a Priest of Jiyva.
             Demolished by an orc warlord
             ... wielding a +0 war axe
              (29 damage)
             ... in a bailey.
             The game lasted 00:44:18 (8961 turns).

protopulse the Martial Artist (DrTm)                Turns: 8961, Time: 00:44:18

Health: -20/79     AC: 10    Str: 15    XL:     10   Next: 33%
Magic:  13/13      EV: 26    Int: 13    God:    Jiyva [***...]
Gold:   380        SH:  0    Dex: 20    Spells: 2 memorised, 10 levels left

rFire  . . .     SeeInvis .       - Unarmed
rCold  . . .     Gourm    .     (armour unavailable)
rNeg   . . .     Faith    .     (no shield)
rPois  .         Spirit   .     (helmet restricted)
rElec  .         Dismiss  +     (no cloak)
rCorr  +         Reflect  .     E - +2 pair of gloves (curse)
SustAt .         Harm     .     (no boots)
MR     .....                    x - amulet of dismissal (curse)
Stlth  ++........               l - +3 ring of evasion (curse)
                                e - +2 ring of strength (curse)

@: confused, agile, short of breath, very slow, not resistant to hostile
enchantments, unstealthy
A: spit acid, acid resistance, unfitting armour, frail 1, cold-blooded, AC +7
a: Spit Acid, Request Jelly, Jelly Paralyse, Renounce Religion


You were in a bailey.
You worshipped Jiyva.
Jiyva was most pleased with you.
You were not hungry.

You visited 2 branches of the dungeon, and saw 10 of its levels.
You also visited: Bailey.

You collected 380 gold pieces.

Inventory:

Missiles
 a - 155 arrows
 B - 22 tomahawks of returning
 I - a throwing net (quivered)
Armour
 E - a cursed +2 pair of gloves (worn)
Jewellery
 e - a cursed +2 ring of strength (left hand)
 l - a cursed +3 ring of evasion (right hand)
 x - a cursed amulet of dismissal (around neck)
Wands
 C - a wand of paralysis (1/24)
 H - a wand of flame (38/48)
Scrolls
 d - 5 scrolls of identify
 f - a scroll of magic mapping {unknown}
 h - a scroll of fog
 k - a scroll of fear
 m - a scroll of enchant weapon {unknown}
 o - a scroll of immolation
 s - 3 scrolls of remove curse
 t - 3 scrolls of teleportation
 w - 3 scrolls of blinking
 y - a scroll of noise {unknown}
 D - 3 scrolls of enchant armour
 G - a scroll of random uselessness {unknown}
Potions
 g - 5 potions of curing
 i - 3 potions of flight
 j - a potion of mutation
 n - a potion of heal wounds
 q - 2 potions of cure mutation
 u - a potion of invisibility
 v - a potion of agility
 z - 2 potions of brilliance
 A - 3 potions of might {unknown}
 F - a potion of ambrosia
Books
 b - a book of Changes

   Spells                             Type                      Level
   a - Beastly Appendage              Transmutation                1
   b - Sticks to Snakes               Transmutation                2
   c - Spider Form                    Transmutation/Poison         3
   d - Ice Form                       Ice/Transmutation            4
   e - Blade Hands                    Transmutation                5
Comestibles
 c - 11 bread rations
 p - 3 meat rations
 r - 7 beef jerkies


   Skills:
 * Level 8.0 Fighting
 + Level 0.5 Throwing
 + Level 7.5 Dodging
 - Level 1.1 Stealth
 * Level 10.3 Unarmed Combat
 - Level 2.0 Spellcasting
 + Level 4.7 Transmutations
 + Level 0.2 Evocations


You had 10 spell levels left.
You knew the following spells:

 Your Spells              Type           Power        Failure   Level  Hunger
a - Beastly Appendage     Trmt           ##....       4%          1    ##.....
b - Sticks to Snakes      Trmt           ##......     8%          2    ###....


Dungeon Overview and Level Annotations

Branches:
Dungeon (9/15)             Temple (1/1) D:7            Lair (0/8) D:8
    Orc: D:9-12

Altars:
Ashenzari
Cheibriados
Dithmenos
Elyvilon
Fedhas
Gozag
Kikubaaqudgha
Makhleb
Nemelex Xobeh
Okawaru
Pakellas
Qazlal
Ru
Sif Muna
Trog
Vehumet
Xom
Yredelemnul
Zin
The Shining One
Jiyva

Shops:
D:7 [

Annotations:
D:5 Grinder


Innate Abilities, Weirdness & Mutations

You can spit globs of acid.
You are resistant to acid.
Your golden yellow scales are hard (AC +7).
Your body does not fit into most forms of armour.
You are cold-blooded and may be slowed by cold attacks.
You are frail (-10% HP).


Message History

You punch the orc warlord, but do no damage.
The orc warlord is heavily wounded.
You punch the orc warlord! You tail-slap the orc warlord.
The orc warlord is severely wounded.
The orc warlord misses you.
You hit the orc warlord. You claw the orc warlord.
You tail-slap the orc warlord, but do no damage.
The orc warlord is severely wounded.
The orc warlord hits you with a war axe!!
* * * LOW HITPOINT WARNING * * *
You can't do that yet.
Unknown command.
Drink which item? (? for menu, Esc to quit)
You are confused.
You feel invigorated.
Your talons disappear.
The orc warlord hits you with a war axe!!
* * * LOW HITPOINT WARNING * * *
The orc warlord hits you with a war axe!!
You die...

♣...≈≈≈.# .......
∩...≈≈≈.#≈....∩....≈#
♣..K≈≈≈.#≈.........≈#
♣..K≈≈≈.# ≈.8...8.≈≈
♣♣..###'###.......##
♣.##...J#≈.8...8.≈#
♣##.....#≈≈≈≈≈≈≈≈≈
##......####≈≈≈#
#...8......#@''#...
#............o.......
#....................
##..8..8...........8.
##.......#######....
##.....## #...
##...## #.. ##### ##


You could see an orc warlord.

Vanquished Creatures
  The ghost of Smashy the Cleaver, a novice HOGl of Okawaru (Bailey)
  Pikel (D:7)
  4 komodo dragons (D:8)
  Prince Ribbit (D:5)
  Sigmund (D:5)
  A steam dragon (D:8)
  Menkaure (D:5)
  A water moccasin (D:7)
  2 orc warriors (Bailey)
  An ice beast (D:7)
  A slave (D:7)
  A sky beast (D:8)
  An eye of draining (D:4)
  4 ogres
  A centaur (D:5)
  3 crocodiles (D:8)
  A big kobold (D:8)
  2 scorpions
  3 wights (D:7)
  A howler monkey (D:5)
  The ghost of nxtlvl the Cudgeler, a weakling KoFi (D:3)
  3 crimson imps
  3 orc priests
  A jelly (D:7)
  A centaur skeleton (D:5)
  A giant frog skeleton (D:5)
  2 hounds
  7 iguanas
  Natasha (D:2)
  6 worker ants
  2 orc wizards
  8 gnolls
  11 adders
  2 shadow imps
  An ooze (D:7)
  An adder skeleton (D:4)
  3 worms
  A dart slug (D:2)
  4 giant geckos
  14 orcs
  5 ball pythons
  7 giant cockroaches
  5 goblins
  12 hobgoblins
  4 jackals (D:2)
  13 kobolds
  3 quokkas
  13 bats
  A giant gecko zombie (D:4)
  2 giant newts
  A jackal skeleton (D:4)
  A quokka skeleton (D:7)
  A quokka zombie (D:6)
  8 rats
181 creatures vanquished.

Vanquished Creatures (others)
  A big kobold (D:8)
  An orc priest (D:8)
  21 jellies
  2 orc wizards (D:8)
  An iguana (D:8)
  3 worker ants
  A gnoll (Bailey)
  A giant gecko (D:7)
  6 orcs
  10 kobolds
47 creatures vanquished.

Grand Total: 228 creatures vanquished

Notes
Turn   | Place    | Note
--------------------------------------------------------------
     0 | D:1      | protopulse the Draconian Transmuter began the quest for the Orb.
     0 | D:1      | Reached XP level 1. HP: 16/16 MP: 3/3
   390 | D:1      | Reached XP level 2. HP: 22/23 MP: 3/5
   812 | D:2      | Found a shadowy altar of Dithmenos.
   928 | D:2      | Found a radiant altar of Vehumet.
   944 | D:2      | Reached XP level 3. HP: 28/28 MP: 6/6
  1135 | D:2      | Noticed Natasha
  1151 | D:2      | Killed Natasha
  1151 | D:2      | Reached skill level 4 in Unarmed Combat
  1151 | D:2      | Reached XP level 4. HP: 23/36 MP: 5/7
  1478 | D:2      | Found an opulent altar of Gozag.
  1888 | D:3      | Reached XP level 5. HP: 41/41 MP: 6/8
  2018 | D:3      | Noticed nxtlvl's ghost (weakling KoFi)
  2032 | D:3      | Killed nxtlvl's ghost
  2786 | D:4      | Learned a level 2 spell: Sticks to Snakes
  2847 | D:4      | Found a deep blue altar of Sif Muna.
  2848 | D:4      | Found a sparkling altar of Nemelex Xobeh.
  2853 | D:4      | Found an iron altar of Okawaru.
  2854 | D:4      | Found a shattered altar of Ashenzari.
  2856 | D:4      | Found a basalt altar of Yredelemnul.
  2856 | D:4      | Found a stormy altar of Qazlal.
  2858 | D:4      | Found a snail-covered altar of Cheibriados.
  2871 | D:4      | Reached skill level 5 in Unarmed Combat
  2876 | D:4      | Became a worshipper of Cheibriados the Contemplative
  2909 | D:4      | Noticed Sigmund
  3260 | D:4      | Reached XP level 6. HP: 41/50 MP: 7/9
  3621 | D:4      | Reached skill level 1 in Stealth
  3862 | D:4      | Found a bloodstained altar of Trog.
  3993 | D:5      | Entered Level 5 of the Dungeon
  4033 | D:5      | Noticed Prince Ribbit
  4045 | D:5      | Killed Prince Ribbit
  4045 | D:5      | Your scales start taking on a golden yellow colour.
  4045 | D:5      | Reached XP level 7. HP: 50/59 MP: 10/10
  4157 | D:5      | Reached skill level 6 in Unarmed Combat
  4247 | D:5      | Noticed Menkaure
  4260 | D:5      | Killed Menkaure
  4519 | D:5      | Reached * piety under Cheibriados
  4646 | D:5      | Killed Sigmund
  4646 | D:5      | Reached XP level 8. HP: 60/67 MP: 11/11
  4775 | D:5      | Noticed Grinder
  4779 | D:5      | Paralysed by Grinder for 6 turns
  4849 | D:5      | Found a glowing silver altar of Zin.
  4973 | D:5      | Found a sacrificial altar of Ru.
  5076 | D:5      | Reached skill level 5 in Dodging
  5095 | D:5      | Reached skill level 7 in Unarmed Combat
  5224 | D:6      | Reached skill level 5 in Fighting
  5482 | D:6      | Reached ** piety under Cheibriados
  5793 | D:7      | Noticed Pikel
  5821 | D:7      | Found Oclunol's Armour Shoppe.
  5831 | D:7      | Killed Pikel
  5831 | D:7      | Reached skill level 8 in Unarmed Combat
  5831 | D:7      | Reached XP level 9. HP: 64/75 MP: 12/12
  6220 | D:7      | Reached *** piety under Cheibriados
  6230 | D:7      | Found a staircase to the Ecumenical Temple.
  6476 | Temple   | Entered the Ecumenical Temple
  6608 | Temple   | Fell from the grace of Cheibriados
  6608 | Temple   | Became a worshipper of Jiyva Jeamush the Shapeless
  6859 | D:8      | Reached skill level 9 in Unarmed Combat
  6860 | D:8      | Noticed a komodo dragon
  6866 | D:8      | Killed a komodo dragon
  6867 | D:8      | Noticed a komodo dragon
  6882 | D:8      | Noticed a komodo dragon
  6896 | D:8      | Noticed a komodo dragon
  7075 | D:8      | Found a staircase to the Lair.
  7217 | D:8      | Killed a komodo dragon
  7734 | D:8      | Killed a komodo dragon
  7734 | D:8      | Reached XP level 10. HP: 31/86 MP: 13/13
  8173 | D:8      | Gained mutation: Your body sometimes deteriorates upon taking damage. [mutagenic meat]
  8175 | D:8      | Gained mutation: Your system is resistant to poisons. [mutagenic meat]
  8176 | D:8      | Gained mutation: You have large cloven feet. [mutagenic meat]
  8177 | D:8      | Gained mutation: You tend to lose your temper in combat. [mutagenic meat]
  8179 | D:8      | Lost mutation: Your body sometimes deteriorates upon taking damage. [potion of cure mutation]
  8179 | D:8      | Lost mutation: You have large cloven feet. [potion of cure mutation]
  8179 | D:8      | Lost mutation: You tend to lose your temper in combat. [potion of cure mutation]
  8179 | D:8      | Lost mutation: Your system is resistant to poisons. [potion of cure mutation]
  8305 | D:8      | Reached skill level 10 in Unarmed Combat
  8343 | D:8      | Reached * piety under Jiyva
  8506 | D:9      | Found a flagged portal.
  8538 | Bailey   | Entered a bailey
  8549 | Bailey   | Noticed an orc warlord
  8600 | Bailey   | Noticed Smashy's ghost (novice HOGl)
  8690 | Bailey   | Killed Smashy's ghost
  8699 | Bailey   | Reached ** piety under Jiyva
  8787 | Bailey   | Reached *** piety under Jiyva
  8925 | Bailey   | Gained mutation: You are frail (-10% HP). [Jiyva's grace]
  8930 | Bailey   | Found a runed gate.
  8930 | Bailey   | Found a runed gate.
  8931 | Bailey   | Found a runed gate.
  8960 | Bailey   | HP: 3/79 [orc warlord/war axe (23)]
  8961 | Bailey   | Demolished by an orc warlord

Skill      XL: |  1  2  3  4  5  6  7  8  9 10 |
---------------+-------------------------------+-----
Dodging        | 2 3 4 5 7 |  7.5
Fighting       | 2 4 5 7 8 |  8.0
Unarmed Combat | 4 5 6 8 9 10 | 10.3
Stealth        | 1 |  1.1
Transmutations | 3 4 |  4.7
Throwing       | |  0.5
Spellcasting   | |  2.0
Evocations     | |  0.2

Action                   |  1- 3 |  4- 6 |  7- 9 | 10-12 || total
-------------------------+-------+-------+-------+-------++-------
Melee: Unarmed           |   108 |   268 |   342 |   118 ||   836
       Tailslap          |     9 |    39 |    70 |    22 ||   140
       Headbutt          |     4 |    10 |    21 |    20 ||    55
       Kick              |     2 |    30 |    43 |    11 ||    86
       Punch             |     1 |     4 |    17 |     9 ||    31
Throw: Tomahawk          |       |       |       |     6 ||     6
       Throwing net      |       |       |       |     1 ||     1
 Cast: Beastly Appendage |     6 |    15 |    27 |    11 ||    59
 Abil: Spit Acid         |       |       |     2 |     2 ||     4
Evoke: Wand              |       |       |     2 |     1 ||     3
  Use: Scroll            |       |     8 |       |     9 ||    17
       Potion            |       |       |     4 |     5 ||     9
 Stab: Sleeping          |       |     1 |     6 |       ||     7
       Invisible         |       |       |     1 |       ||     1
       Distracted        |       |       |       |     1 ||     1
  Eat: Chunk             |     1 |     9 |    10 |     9 ||    29
       Beef jerky        |       |       |     1 |       ||     1
       Pizza             |       |       |       |     1 ||     1
Armor: Skin              |    20 |    52 |    62 |    20 ||   154
Dodge: Dodged            |    75 |   215 |   248 |   120 ||   658
